 Dungeon Crawl Stone Soup version 0.31-a0-1570-g93c622d222 (webtiles) character file.

Game seed: 8292596382388812444

4526 Persephone the Grappler (level 10, -7/53 HPs)
             Began as a Vine Stalker Fighter on Jan 3, 2024.
             Was an Elder of Okawaru.
             Mangled by an orc knight
             ... wielding a +0 glaive
              (11 damage)
             ... in a bailey.
             The game lasted 00:14:02 (6077 turns).

Persephone the Grappler (Vine Stalker Fighter)      Turns: 6077, Time: 00:14:02

Health: -7/53      AC: 12    Str: 28    XL:     10   Next: 39%
Magic:  0/13       EV: 10    Int:  8    God:    Okawaru [****..]
Gold:   545        SH:  0    Dex: 15    Spells: 9/9 levels left

rFire   . .          .
                       - Unarmed
rCold   x . .        (no shield)
rNeg    + . .        y - +0 scale mail {Will+}
rPois   +            k - +1 hat
rElec   +            (no cloak)
rCorr   .            A - +3 pair of gloves of the Moon {rElec rPois rC-}
SInv    .            (no boots)
Will    ++...        r - amulet of regeneration Stlth
                     j - ring of positive energy
HPRegen 1.88/turn    q - +6 ring of strength
MPRegen 0.13/turn

%: guardian spirit
@: no status effects
A: fangs 3, regeneration 1, magic shield, antimagic bite, no potion heal 2
a: Renounce Religion, Heroism, Finesse


You were in a bailey.
You worshipped Okawaru.
Okawaru was greatly pleased with you.
You visited 1 branch of the dungeon, and saw 8 of its levels.
You also visited: Bailey.

You collected 545 gold pieces.

Inventory:

Armour
 a - a +0 scale mail
 b - a +0 buckler
 k - a +1 hat (worn)
 l - a +0 pair of gloves
 y - a +0 scale mail of willpower (worn)
 A - the +3 pair of gloves of the Moon (worn) {rElec rPois rC-}
   (You found it on level 8 of the Dungeon)

   rC-:       It makes you vulnerable to cold.
   rElec:     It insulates you from electricity.
   rPois:     It protects you from poison
Jewellery
 i - an amulet of reflection
 j - a ring of positive energy (left hand)
 q - a +6 ring of strength (right hand)
 r - an amulet of regeneration (around neck)
Wands
 d - a wand of iceblast (20)
 g - a wand of flame (19) (quivered)
 t - a wand of paralysis (8)
Scrolls
 c - a scroll of amnesia
 e - 3 scrolls of teleportation
 h - 2 scrolls of vulnerability
 s - a scroll of butterflies
 v - 2 scrolls of enchant weapon
 B - a scroll of immolation
Potions
 f - a potion of attraction
 m - a potion of haste {unknown}
 n - a potion of ambrosia {unknown}
 o - 2 potions of mutation {unknown}
 p - a potion of lignification {unknown}
 u - 2 potions of berserk rage {unknown}
 w - a potion of enlightenment {unknown}
 x - a potion of curing {unknown}
 z - a potion of brilliance {unknown}


   Skills:
 + Level 6.8 Fighting
 + Level 6.1 Armour
 - Level 5.0 Shields
 * Level 9.9 Unarmed Combat
 + Level 3.8 Invocations


You had 9 spell levels left.
You didn't know any spells.
Your spell library contained the following spells:

 Spells                   Type           Power      Damage    Failure   Level
 Foxfire                  Conj/Fire      0%         2x1d4     65%         1
 Ensorcelled Hibernation  Hex/Ice        0%         N/A       80%         2
 Passwall                 Erth           0%         N/A       95%         3
 Swiftness                Air            0%         N/A       95%         3
 Manifold Assault         Tloc           0%         N/A       100%        4
 Dispersal                Tloc           0%         N/A       100%        6
 Plasma Beam              Fire/Air       0%         2x1d10    100%        6
 Starburst                Conj/Fire      0%         6d3       100%        6
 Disjunction              Tloc           0%         N/A       100%        8


Dungeon Overview and Level Annotations

Branches:
Dungeon (8/15)             Temple (0/1) D:6          Bailey (1/1)
   Lair: D:8-11

Altars:
Elyvilon
Fedhas
Hepliaklqana
Kikubaaqudgha
Nemelex Xobeh
Okawaru
Sif Muna
Wu Jian
Zin
The Shining One

Shops:
D:2 :   D:3 [

Annotations:
Bailey 2 runed translucent doors


Innate Abilities, Weirdness & Mutations

You have razor-sharp teeth.
Your natural rate of healing is unusually fast.
When hurt, damage is shared between your health and your magic reserves.
Your bite disrupts and absorbs the magic of your enemies.
Potions cannot restore your health.


Message History

The orc warrior hits you but does no damage.
The orc warrior shouts!
The orc shouts!
The orc hits you but does no damage.
Okay, then.
You cannot coerce anything to answer your summons.
The orc closely misses you.
Okay, then.
The orc hits you but does no damage.
Things that are here:
a +0 halberd; a +0 scale mail; an orc skeleton
Aiming: Paralyse
Press: ? - help, Shift-Dir - straight line, f/p - orc knight
Aim: an orc knight, wielding a +0 glaive and wearing a +0 chain mail (chance to affect: 31%)
The orc knight easily resists.
The orc hits you but does no damage. The orc warrior closely misses you.
The orc warrior barely misses you.
The orc knight roars a battlecry!
The orcs go into a battle-frenzy!
The orc closely misses you. The orc warrior barely misses you.
The orc knight hits you from afar with a +0 glaive!
The orc barely misses you.
The orc warrior hits you from afar with a +0 glaive!
The orc knight hits you with a +0 glaive.
The orc knight hits you from afar with a +0 glaive.
The orc warrior attacks as it pursues you!
The orc warrior hits you from afar with a +0 glaive.
The orc attacks as it pursues you! The orc hits you but does no damage.
The orc knight attacks as it pursues you!
The orc knight hits you but does no damage.
The orc attacks as it pursues you! The orc hits you but does no damage.
The orc warrior attacks as it pursues you!
The orc warrior hits you from afar with a +0 glaive!
The orc knight attacks as it pursues you!
The orc knight hits you from afar with a +0 glaive!
There is a gate leading back out of this place here.
The orc hits you but does no damage.
The orc warrior hits you from afar with a +0 glaive!!
* * * LOW HITPOINT WARNING * * *
The orc knight hits you from afar with a +0 glaive!
You die...

♣♣♣♣♣♣♣♣ ♣♣......♣♣
♣........♣
#♣..∩..@..♣#
#..........#
##.....ooo..##
###.......o....#
♣♣............♣.#
#♣..♣.♣.......♣♣.###
#≈≈.....)).........♣♣
#≈≈≈....#....#......♣
#≈≈≈≈≈≈≈#....#≈≈≈≈...♣


You could see an orc knight, 2 orc warriors and an orc (strong).

Vanquished Creatures
  Sigmund (D:2)
  6 yaks (D:5)
  2 water moccasins
  An ice beast (D:5)
  6 orc warriors (Bailey)
  2 black bears
  5 ogres
  2 kobold brigands (D:8)
  3 necrophages (D:5)
  6 scorpions
  4 wights (D:8)
  3 killer bees (D:8)
  3 bombardier beetles
  A centaur zombie (D:5)
  4 jellies
  2 hounds (D:4)
  2 orc priests
  A gnoll bouda (D:3)
  Natasha (thrice) (D:4)
  2 sleepcaps
  Terence (D:2)
  2 iguanas
  3 orc wizards
  A hound zombie (D:5)
  2 howler monkey zombies (D:5)
  9 gnolls
  8 adders
  2 white imps
  4 ufetubi (D:7)
  An adder zombie (D:5)
  2 ribbon worms
  3 dart slugs
  19 orcs
  4 ball pythons
  3 endoplasms
  4 giant cockroaches
  9 hobgoblins
  9 jackals
  10 kobolds
  3 quokkas
  A bat (D:2)
  3 frilled lizards
  9 goblins
  5 rats
176 creatures vanquished.

Notes
Turn   | Place    | Note
-------+----------+-------------------------------------------
     0 | D:1      | Persephone the Vine Stalker Fighter began the quest for the
                  | Orb.
     0 | D:1      | Reached XP level 1. HP: 11/11 MP: 2/2
   483 | D:1      | Reached XP level 2. HP: 16/16 MP: 3/3
   896 | D:2      | Noticed Terence
   899 | D:2      | Killed Terence
   900 | D:2      | Reached XP level 3. HP: 14/20 MP: 4/4
  1011 | D:2      | Noticed Sigmund
  1041 | D:2      | Killed Sigmund
  1042 | D:2      | Reached skill level 4 in Unarmed Combat
  1042 | D:2      | Reached XP level 4. HP: 22/24 MP: 3/5
  1042 | D:2      | Reached XP level 5. HP: 26/28 MP: 3/6
  1098 | D:2      | Noticed an ogre
  1111 | D:2      | Reached XP level 6. HP: 30/32 MP: 7/7
  1240 | D:2      | Found Gycoaxea's Book Shop.
  1250 | D:2      | Found a faded altar of an unknown god.
  1773 | D:3      | Reached XP level 7. HP: 26/37 MP: 6/8
  1830 | D:3      | You fall into a shaft and drop 1 floor!
  1994 | D:3      | Found Vugy's Antique Armour Shop.
  2108 | D:3      | Found an ancient bone altar of Kikubaaqudgha.
  2326 | D:3      | Found a glowing silver altar of Zin.
  2326 | D:3      | Found a glowing golden altar of the Shining One.
  2326 | D:3      | Found a white marble altar of Elyvilon.
  2480 | D:4      | Found an iron altar of Okawaru.
  2480 | D:4      | Noticed Natasha
  2485 | D:4      | Killed Natasha
  2486 | D:4      | Reached skill level 5 in Unarmed Combat
  2515 | D:4      | Became a worshipper of Warmaster Okawaru
  2546 | D:4      | Noticed Natasha
  2552 | D:4      | Killed Natasha
  2771 | D:4      | Reached * piety under Okawaru
  2772 | D:4      | Gained mutation: You have razor-sharp teeth. [Vine Stalker
                  | growth]
  2772 | D:4      | Reached XP level 8. HP: 38/42 MP: 9/9
  2861 | D:4      | Noticed Natasha
  2871 | D:4      | Killed Natasha
  3039 | D:4      | Reached skill level 6 in Unarmed Combat
  3127 | D:5      | Entered Level 5 of the Dungeon
  3223 | D:5      | Noticed a yak
  3223 | D:5      | Noticed a yak
  3226 | D:5      | Noticed a yak
  3228 | D:5      | Noticed a yak
  3228 | D:5      | Noticed a yak
  3231 | D:5      | Noticed a yak
  3240 | D:5      | Killed a yak
  3248 | D:5      | Killed a yak
  3258 | D:5      | Killed a yak
  3259 | D:5      | Reached skill level 5 in Fighting
  3276 | D:5      | Killed a yak
  3277 | D:5      | Reached skill level 5 in Shields
  3277 | D:5      | Reached skill level 7 in Unarmed Combat
  3284 | D:5      | Killed a yak
  3284 | D:5      | Reached ** piety under Okawaru
  3285 | D:5      | Reached XP level 9. HP: 15/47 MP: 5/10
  3296 | D:5      | Reached skill level 5 in Armour
  3354 | D:5      | Reached skill level 8 in Unarmed Combat
  3567 | D:5      | Found a sparkling altar of Nemelex Xobeh.
  3571 | D:5      | Found a hazy altar of Hepliaklqana.
  3577 | D:5      | Found a shimmering blue altar of Sif Muna.
  3701 | D:5      | Found an ornate altar of the Wu Jian Council.
  3832 | D:5      | Found a blossoming altar of Fedhas.
  4157 | D:5      | Reached skill level 1 in Invocations
  4367 | D:6      | Reached *** piety under Okawaru
  4531 | D:6      | Reached skill level 9 in Unarmed Combat
  4833 | D:6      | Found a staircase to the Ecumenical Temple.
  5092 | D:7      | Reached XP level 10. HP: 16/53 MP: 4/13
  5491 | D:8      | Identified the +3 pair of gloves of the Moon {rElec rPois
                  | rC-}
  5508 | D:8      | Identified the +1 leather armour of Pifi {rF+ MP-9 Int+3
                  | Stlth+}
  5675 | D:8      | Found a flagged portal.
  5692 | D:8      | Reached **** piety under Okawaru
  5705 | Bailey   | Entered a bailey
  5902 | Bailey   | Noticed an orc knight
  5995 | Bailey   | Found a large runed translucent door.
  5995 | Bailey   | Found a large runed translucent door.
  5996 | Bailey   | Noticed a deep elf pyromancer
  6077 | Bailey   | Mangled by an orc knight

Illustrated notes

Levels and vault maps discovered:
D:1:      dpeg_arrival_houses_and_road, layout_basic
D:2:      layout_loops_ring, serial_shops, shop, ebering_ecumenical_altar_webs,
          uniq_sigmund, uniq_terence
D:3:      layout_loops_cross, good_gods_mini_temple,
          mainiacjoe_overflow_cross_hatched, serial_shops,
          nicolae_shop_pleasant_corner_grove
D:4:      layout_loops_ring, okawaru_ov_weapons_minmay, uniq_natasha
D:5:      minmay_evil_eye, layout_loops_ring, mainiacjoe_overflow_alcove_2,
          fedhas_altar_decomposition, grunt_temple_overflow_diamond
D:6:      layout_loops_ring, minmay_temple_entry_offerings, due_unseen_surprise
D:7:      layout_cave_pools
D:8:      layout_layer_cave, mainiacjoe_overflow_catwalk, enter_bailey_5
Bailey:   bailey_polearm_elven_captive_hellmonk, bailey

Skill      XL: |  1  2  3  4  5  6  7  8  9 10 |
---------------+-------------------------------+-----
Fighting       | 3 4 5 6 |  6.8
Shields        | 3 4 5 |  5.0
Armour         | 3 4 5 6 |  6.1
Unarmed Combat | 4 5 7 9 |  9.9
Invocations    | 2 3 |  3.8

Action                     |  1- 3 |  4- 6 |  7- 9 | 10-12 || total
---------------------------+-------+-------+-------+-------++-------
  Melee: Unarmed           |    74 |    89 |   303 |    89 ||   555
         Bite              |    19 |    24 |    88 |    21 ||   152
         Punch             |       |       |    10 |     6 ||    16
 Invoke: Heroism           |       |       |       |     1 ||     1
  Evoke: Wand              |       |       |       |     2 ||     2
    Use: Potion            |     1 |     1 |       |       ||     2
         Scroll            |       |       |    11 |     1 ||    12
 Armour: Scale mail        |    35 |    50 |   149 |   128 ||   362
  Dodge: Dodged            |    18 |    26 |   108 |    65 ||   217
  Block: Buckler           |    23 |    48 |    40 |       ||   111
         Reflection        |     1 |       |       |       ||     1
         Other             |       |       |     8 |       ||     8

Table legend: (Time is in decaauts)
 A = Elapsed time spent in this place.
 B = Non-inter-level travel time spent in this place.
 C = Inter-level travel time spent in this place.
 D = Time resting spent in this place.
 E = Time spent auto-exploring this place.
 F = Levels seen in this place.
 G = Mean time per level.
                   A        B        C        D        E       F      G
               +--------+--------+--------+--------+--------+-----+--------+
         Total |   6015 |   5693 |    322 |      0 |   4275 |   9 |  668.3 |
       Dungeon |   5651 |   5329 |    322 |      0 |   4171 |   8 |  706.4 |
        Bailey |    364 |    364 |      0 |      0 |    104 |   1 |  364.0 |
               +--------+--------+--------+--------+--------+-----+--------+

Top non-repeatable levels by time:
     D:5: 1094 daAuts
     D:1: 886 daAuts
     D:2: 817 daAuts
     D:3: 717 daAuts
     D:4: 690 daAuts
     D:6: 675 daAuts
     D:7: 504 daAuts
  Bailey: 364 daAuts
     D:8: 264 daAuts
